 Dungeon Crawl Stone Soup version 0.20.0-8-g6b59dc7 (webtiles) character file.

638794 seyes the Phalangite (level 27, -3/246 HPs)
             Began as a Centaur Fighter on May 22, 2017.
             Was the Champion of the Shining One.
             Blown up by Boris (67 damage)
             ... with an orb of destruction
             ... on level 5 of the Depths on May 31, 2017.
             The game lasted 12:18:49 (81278 turns).

seyes the Phalangite (Centaur Fighter)             Turns: 81278, Time: 12:18:50

Health: -3/246     AC: 45    Str: 31    XL:     27
Magic:  36/36      EV:  8    Int: 10    God:    the Shining One [******]
Gold:   4441       SH:  0    Dex: 17    Spells: 26/26 levels left

rFire    + + .     SeeInvis .   f - +3 arbalest (flame)
rCold    + + .     Gourm    .   (shield currently unavailable)
rNeg     + + +     Faith    .   K - +9 scales of the Dragon King {rPois rF+ rC+ MR+}
rPois    +         Spirit   .   I - +2 hat {MR+}
rElec    +         Reflect  .   J - -2 cloak of Devotion {rElec rC+} (curse)
rCorr    .         Harm     .   L - +3 pair of gauntlets of War {Slay+5}
MR       +++++                  M - +2 centaur barding {rF+}
Stlth    ..........             w - amulet "Udgha" {Regen+ Int+3}
Regen    1.0/turn               c - ring of protection from magic
MPRegen  0.3/turn               R - +5 ring of dexterity

@: glowing, very quick
A: hooves 3, blurry vision 1, deformed body, speed 2, screaming 1, strong 1,
tough skin 3
}: 4/15 runes: decaying, slimy, silver, gossamer
a: Divine Shield, Cleansing Flame, Summon Divine Warrior, Renounce Religion


You were on level 5 of the Depths.
You worshipped the Shining One.
The Shining One was exalted by your worship.
You were not hungry.

You visited 11 branches of the dungeon, and saw 53 of its levels.
You visited 1 bazaar.
You also visited: Ice Cave and Volcano.

You collected 9446 gold pieces.
You spent 5005 gold pieces at shops.

Inventory:

Hand Weapons
 f - a +3 arbalest of flaming (weapon)
 h - a +9 bardiche of holy wrath
 i - the +8 glaive of the Guard {elec, +Rage AC+5 SInv}
   (You took it off a deep elf demonologist on level 3 of the Elven Halls)

   Occasionally, upon striking a foe, it will discharge some electrical energy
   and cause terrible harm.
   It affects your AC (+5).
   It lets you see invisible.
   It lets you go berserk.
 E - a +8 halberd of flaming
 Q - the +9 heavy crossbow "Sniper" {velocity, Acc+∞ SInv}
   (You found it on level 5 of the Pits of Slime)

   Any bolt fired from it inflicts extra damage.
   It lets you see invisible.
Missiles
 a - 1309 stones
 F - 1895 bolts (quivered)
Armour
 p - a +0 troll leather armour
 I - a +2 hat of magic resistance (worn)
 J - the cursed -2 cloak of Devotion (worn) {rElec rC+}
   (You found it on level 5 of the Pits of Slime)

   It protects you from cold.
   It insulates you from electricity.
   It has a curse placed upon it.
 K - the +9 scales of the Dragon King (worn) {rPois rF+ rC+ MR+}
   (You found it on level 3 of the Elven Halls)

   It protects you from fire.
   It protects you from cold.
   It protects you from poison.
   It affects your resistance to hostile enchantments.
 L - the +3 pair of gauntlets of War (worn) {Slay+5}
   (You found it on level 5 of the Vaults)

   It affects your accuracy and damage with ranged weapons and melee attacks
   (+5).
 M - a +2 centaur barding of fire resistance (worn)
Jewellery
 c - a ring of protection from magic (left hand)
 w - the amulet "Udgha" (around neck) {Regen+ Int+3}
   (You found it on level 3 of the Crypt)

   [amulet of regeneration]

   It affects your intelligence (+3).
   It increases your rate of regeneration.
 C - the ring "Jolatehui" {rN+ MP+9}
   (You found it on level 3 of the Crypt)

   [ring of positive energy]

   It protects you from negative energy.
   It affects your magic capacity (+9).
 G - a +3 ring of protection
 R - a +5 ring of dexterity (right hand)
 S - an uncursed ring of flight
 T - an uncursed ring of resist corrosion
 U - an uncursed ring of positive energy
 W - the ring "Kualiy" {rF+ SInv}
   (You acquired it in an ice cave)

   [ring of protection from fire]

   It protects you from fire.
   It lets you see invisible.
Wands
 r - a wand of digging (16/24)
Scrolls
 g - 4 scrolls of silence
 l - 8 scrolls of fog
 m - 16 scrolls of remove curse
 n - 15 scrolls of recharging
 o - 5 scrolls of blinking
 t - 9 scrolls of identify
 y - 6 scrolls of fear
 O - 10 scrolls of magic mapping
 X - 15 scrolls of teleportation
Potions
 b - 9 potions of cancellation
 e - 3 potions of heal wounds
 j - 9 potions of haste
 q - 7 potions of resistance
 s - 3 potions of might
 x - 19 potions of curing
 A - 3 potions of invisibility
 B - 6 potions of mutation
 D - a potion of agility
Miscellaneous
 d - a lightning rod (3/4)
 v - a fan of gales
Comestibles
 k - 3 chunks of flesh
 u - 10 fruits
 z - 37 meat rations
 V - 29 bread rations


   Skills:
 - Level 20.0 Fighting
 + Level 21.4 Polearms
   Level 6.0 Bows
 + Level 21.1 Crossbows
 - Level 20.0 Armour
 + Level 8.4 Dodging
   Level 3.4 Shields
 + Level 19.0 Invocations
 - Level 8.0 Evocations


You had 26 spell levels left.
You didn't know any spells.

Dungeon Overview and Level Annotations

Branches:
Dungeon (15/15)            Temple (1/1) D:5            Lair (6/6) D:10
  Swamp (4/4) Lair:3       Spider (4/4) Lair:3        Slime (5/5) Lair:5
    Orc (2/2) D:12            Elf (3/3) Orc:2        Vaults (5/5) D:13
  Crypt (3/3) Vaults:3       Tomb (0/3) Crypt:3      Depths (5/5) D:15
    Zot: Depths:5

Altars:
Ashenzari
Cheibriados
Dithmenos
Elyvilon
Fedhas
Gozag
Hepliaklqana
Kikubaaqudgha
Makhleb
Nemelex Xobeh
Okawaru
Qazlal
Ru
Sif Muna
Trog
Uskayaw
Vehumet
Xom
Yredelemnul
Zin
The Shining One
Beogh
Jiyva

Shops:
D:9 (   D:11 :   Orc:1 ?(![=   Orc:2 }*=::   Elf:1 [   Vaults:3 :
Depths:2 **(   Depths:4 ==}

Portals:
Hell: Depths:1 Depths:2 Depths:3 Depths:4
Abyss: Depths:3 Depths:4
Pandemonium: Depths:1 Depths:3 Depths:4
Ziggurat: Depths:3

Annotations:
Orc:1 2 runed doors, exclusion: orange crystal statue
Depths:5 Boris


Innate Abilities, Weirdness & Mutations

You have hooves in place of feet.
Armour fits poorly on your strangely shaped body.
You cover ground very quickly.
You have extremely tough skin. (AC +3)
Scrolls take you a little longer to read.
You occasionally shout uncontrollably at your foes.
Your muscles are strong. (Str +2)


Message History

Boris launches a ball of destructive magic.
An orb of destruction comes into view.
Firing (i - inventory. (,) - cycle):
F - 1897 bolts (quivered)
Press: ? - help, Shift-Dir - straight line, f/p - Boris
Aim: Boris, wearing a glowing robe (severely damaged, slightly transparent, haloed)
You shoot a bolt. The bolt hits Boris!!
The bolt burns Boris!
Boris is almost destroyed.
You hear a splash.
Boris conjures a glowing orb.
An orb of destruction comes into view.
Firing (i - inventory. (,) - cycle):
F - 1896 bolts (quivered)
Press: ? - help, Shift-Dir - straight line, f/p - Boris
Aim: Boris, wearing a glowing robe (almost destroyed, slightly transparent, haloed)
You shoot a bolt. The bolt hits Boris but does no damage.
Boris is almost destroyed.
You hear a splash.
The orb of destruction hits you!
* * * LOW HITPOINT WARNING * * *
The orb of destruction hits you!
You die...

........)(...|.
#.........÷.$....
#....#...<)......
#....#....).....≈
#.........L((≈≈≈≈
#.......§§§≈≈≈≈≈≈
#.......*§.(≈....
###.....§§.)......#
.....3)@[.)#.......
≈(...()÷[.#........
≈......(.(# .
.......(.#(#
.....#.(..#..
.....##(..#$.# ...#
#(.#. ## ... ?[(.#.
≈. ≈.(. ..


You could see Boris (invisible) and a smoke demon.

Vanquished Creatures
  the Royal Jelly (Slime:5)
  4 ancient liches
  Mara (Swamp:4)
  3 juggernauts
  Boris (Vaults:4)
  Frederick (Vaults:5)
  Margery (Vaults:4)
  Bai Suzhen (Swamp:3)
  Xtahua (Vaults:4)
  Saint Roka (Vaults:4)
  3 golden dragons
  Nikola (Spider:1)
  Arachne (Spider:2)
  3 liches
  Jorgrun (Spider:2)
  2 tentacled monstrosities (Vaults:5)
  Asterion (Spider:3)
  20 titans
  4 quicksilver dragons
  9 deep elf blademasters
  21 acid blobs
  11 deep elf master archers
  Frances (Swamp:1)
  2 ancient champions (Vaults:3)
  3 sphinxes (Vaults:5)
  Agnes (Spider:3)
  5 storm dragons
  The ghost of case the Severer, an adept DDNe of Makhleb (Spider:1)
  3 tengu reavers
  Kirke (Swamp:3)
  A draconian monk (Depths:5)
  7 shadow dragons
  Donald (Spider:3)
  5 thorn hunters (Swamp:4)
  12 azure jellies
  18 frost giants
  23 fire giants
  A revenant (Crypt:1)
  24 vault wardens
  7 deep elf sorcerers
  6 ghost moths
  An iron dragon (Depths:4)
  Louise (D:14)
  5 deep elf elementalists
  3 emperor scorpions (Spider:4)
  A draconian shifter (Depths:4)
  4 ghouls
  3 curse skulls
  A draconian annihilator (Depths:4)
  3 war gargoyles (Vaults:5)
  22 ironheart preservers
  6 reapers
  A stone giant (shapeshifter) (Depths:4)
  36 stone giants
  13 very ugly things
  An entropy weaver (Spider:1)
  Azrael (Elf:1)
  4 vampire knights
  3 green draconians
  9 deep elf annihilators
  12 deep elf demonologists
  2 lorocyprocas (Depths:2)
  4 yellow draconians
  13 spark wasps
  4 black draconians
  3 white draconians
  2 blizzard demons (IceCv)
  A crystal guardian (Vaults:4)
  A red draconian (Depths:5)
  14 ettins
  8 jiangshi
  13 deep elf death magi
  9 eidola
  A mummy priest (Crypt:3)
  11 fire dragons
  10 death oozes (Slime:5)
  15 yaktaur captains
  7 deep elf high priests
  8 rakshasas
  A great orb of eyes (shapeshifter) (Depths:4)
  A hell beast (Depths:3)
  35 vault guards
  11 ice dragons
  16 great orbs of eyes
  26 hydras
  A quicksilver dragon skeleton (Crypt:2)
  2 ghost crabs (Swamp:4)
  2 spriggan air magi (Depths:3)
  4 alligators
  A death yak (shapeshifter) (Vaults:5)
  9 centaur warriors
  11 death yaks
  45 two-headed ogres
  10 deep troll shamans
  2 tengu warriors
  3 death knights
  3 titan zombies
  9 vampire magi
  An alligator (shapeshifter) (D:15)
  19 ogre magi
  15 deep troll earth magi
  5 orc high priests
  24 dancing weapons
  A shock serpent (shapeshifter) (Vaults:5)
  Urug (Lair:3)
  5 soul eaters (Crypt:3)
  17 skeletal warriors
  Sonja (D:15)
  A salamander mystic (Depths:3)
  47 deep elf knights
  3 spriggan berserkers
  A shadow wraith (Vaults:5)
  3 titan skeletons
  5 iron trolls (Depths:4)
  A spriggan druid (Swamp:3)
  A quicksilver dragon simulacrum (Crypt:1)
  9 hell knights
  3 unseen horrors
  2 golden dragon zombies
  4 wizards
  39 deep elf archers
  A shadow demon (Depths:2)
  6 flayed ghosts
  5 glowing orange brains
  2 unseen horrors (shapeshifter)
  An anaconda zombie (Crypt:3)
  3 lindwurms (Swamp:4)
  25 deep trolls
  10 swamp dragons
  2 iron dragon zombies
  2 shambling mangroves (Swamp:2)
  A tengu zombie (Depths:1)
  5 harpies (Vaults:2)
  A harpy (shapeshifter) (Vaults:1)
  20 phantasmal warriors
  18 ironbrand convokers
  An anaconda skeleton (Crypt:2)
  A wolf spider zombie (Crypt:1)
  An oklob plant (Lair:5)
  3 orc sorcerers (Orc:2)
  68 ugly things
  16 orc knights
  27 necromancers
  A manticore (shapeshifter) (Depths:5)
  2 stone giant zombies
  41 wolf spiders
  15 orb spiders
  An iron dragon skeleton (Crypt:3)
  3 elephants (Lair:4)
  82 slime creatures
  112 deep elf magi
  A moth of wrath (shapeshifter) (Vaults:5)
  3 shining eyes
  2 frost giant zombies
  4 cyclopes
  3 frost giant skeletons
  2 ice statues (Elf:1)
  A rust devil (Depths:3)
  2 guardian serpents (Depths:2)
  6 black mambas
  3 stone giant skeletons
  2 molten gargoyles (Volcano)
  2 moths of wrath
  18 vault sentinels
  3 salamanders (Depths:3)
  A dire elephant zombie (Crypt:1)
  A storm dragon simulacrum (Vaults:2)
  4 torpor snails
  A spiny frog (shapeshifter) (Depths:2)
  A shock serpent zombie (Crypt:3)
  An eye of devastation (Slime:1)
  Joseph (D:7)
  A titan simulacrum (Vaults:5)
  2 gargoyles
  21 spiny frogs
  A shock serpent skeleton (Crypt:1)
  A spriggan zombie (Depths:1)
  3 elf zombies
  8 komodo dragons
  8 rime drakes
  13 freezing wraiths
  64 yaktaurs
  16 demonic crawlers
  4 kobold demonologists
  A rime drake (shapeshifter) (D:15)
  2 anaconda simulacra (IceCv)
  6 ice devils
  13 hellwings (Crypt:3)
  A yaktaur (shapeshifter) (Vaults:1)
  A guardian mummy (Crypt:3)
  3 golden dragon simulacra (IceCv)
  3 tengu conjurers
  A catoblepas skeleton (Crypt:3)
  11 polar bears
  A queen bee (shapeshifter) (Elf:2)
  19 trolls
  A wind drake (shapeshifter) (Depths:5)
  2 trolls (shapeshifter)
  35 jumping spiders
  A hornet (shapeshifter) (Depths:4)
  22 hornets
  7 tyrant leeches
  Grinder (D:4)
  A deep troll zombie (Depths:1)
  A wolf spider simulacrum (IceCv)
  3 raiju (Lair:6)
  16 hippogriffs
  3 fire dragon zombies (Crypt:3)
  A dream sheep (Lair:6)
  A dream sheep (shapeshifter) (Depths:4)
  A frost giant simulacrum (Vaults:4)
  13 blink frogs
  11 bog bodies
  A stone giant simulacrum (Vaults:3)
  2 ettin zombies
  An ice dragon zombie (Crypt:2)
  9 flying skulls (Crypt:1)
  2 shadows
  2 air elementals (Elf:1)
  72 redbacks
  11 spriggans
  7 wraiths
  An ushabti (Crypt:3)
  2 vampires
  9 wyverns
  33 tarantellas
  2 dire elephant simulacra
  37 yaks
  A human (D:11)
  10 water elementals
  8 basilisks
  A basilisk (shapeshifter) (Vaults:4)
  8 hogs
  4 fire bats (Volcano)
  10 golden eyes
  5 fire elementals (Elf:1)
  A yaktaur simulacrum (Vaults:2)
  A hog (shapeshifter) (Elf:3)
  22 vampire mosquitoes
  3 human simulacra
  3 hungry ghosts
  4 steam dragons (Lair:6)
  20 swamp worms
  2 harpy simulacra (IceCv)
  2 iron troll simulacra (IceCv)
  5 insubstantial wisps (Swamp:2)
  10 wargs
  4 acid dragons
  A soldier ant (shapeshifter) (Depths:4)
  A glowing shapeshifter zombie (Crypt:2)
  A water moccasin (shapeshifter) (Depths:3)
  2 floating eyes
  3 hydra simulacra (IceCv)
  A torturous demonspawn skeleton (Crypt:2)
  10 water moccasins
  9 porcupines
  A two-headed ogre skeleton (Crypt:1)
  44 orc warriors
  11 swamp drakes
  A hornet zombie (D:15)
  18 hell hounds
  4 sky beasts
  A swamp dragon zombie (Crypt:1)
  A water nymph skeleton (Crypt:1)
  3 ettin simulacra
  A deep troll skeleton (Vaults:4)
  13 black bears
  Purgy (D:4)
  A phantom (D:7)
  4 ice beasts
  A tengu (shapeshifter) (Vaults:4)
  An ice dragon simulacrum (Crypt:2)
  48 ogres
  3 eyes of draining
  23 wolves
  5 necrophages
  13 boggarts
  16 centaurs
  15 crocodiles
  An orc skeleton (Vaults:2)
  3 big kobolds
  15 bullfrogs
  2 bullfrogs (shapeshifter)
  Blork the orc (D:4)
  2 earth elementals
  A draconian skeleton (Crypt:1)
  A glowing shapeshifter simulacrum (Depths:1)
  11 wyvern skeletons
  A spiny frog simulacrum (Crypt:2)
  5 scorpions
  A water moccasin skeleton (Crypt:1)
  10 wights
  2 elf simulacra
  A killer bee (D:13)
  A queen bee zombie (Crypt:1)
  2 vampire bats (Orc:2)
  5 howler monkeys
  5 electric eels
  8 crimson imps
  7 lava snakes (Volcano)
  3 centaur zombies
  5 draconian simulacra (IceCv)
  11 hounds
  A quasit (D:6)
  2 bullfrog zombies
  A centaur skeleton (D:11)
  4 jellies
  3 bullfrog skeletons
  34 orc wizards
  26 orc priests
  5 iguanas
  2 troll simulacra (IceCv)
  12 worker ants
  5 yak simulacra (Lair:4)
  3 wolf simulacra
  A killer bee zombie (D:5)
  5 polar bear simulacra
  A centaur simulacrum (IceCv)
  2 hound skeletons
  A hound zombie (D:3)
  2 worker ant zombies
  Robin (D:4)
  A mummy (Crypt:3)
  14 gnolls
  A howler monkey skeleton (D:10)
  2 naga simulacra (IceCv)
  13 adders
  3 shadow imps
  2 white imps (IceCv)
  7 ufetubi (IceCv)
  An ooze (D:3)
  2 adder skeletons (Crypt:2)
  4 dart slugs
  3 leopard geckos
  118 orcs
  3 ball pythons
  11 bats
  5 giant cockroaches
  26 goblins
  11 hobgoblins
  19 jackals
  24 kobolds
  5 quokkas
  9 frilled lizards
  3 giant cockroach zombies (D:3)
  A kobold skeleton (Crypt:3)
  4 quokka skeletons
  5 rats
  A river rat simulacrum (Lair:4)
  A fungus (Lair:2)
  2 plants
  3 withered plants (Crypt:3)
2823 creatures vanquished.

Vanquished Creatures (others)
  A boggart (Vaults:1)
  A wolf skeleton (Crypt:2)
  An orc priest (Orc:2)
  An orc wizard (Orc:2)
  A white imp (IceCv)
  An ufetubus (IceCv)
  10 fungi (Lair:6)
  27 plants
  A withered plant (Crypt:3)
44 creatures vanquished.

Grand Total: 2867 creatures vanquished

Notes
Turn   | Place    | Note
-------+----------+-------------------------------------------
     0 | D:1      | seyes the Centaur Fighter began the quest for the Orb.
     0 | D:1      | Reached XP level 1. HP: 19/19 MP: 1/1
    93 | D:1      | Reached XP level 2. HP: 24/26 MP: 2/2
   767 | D:2      | Found a radiant altar of Vehumet.
   767 | D:2      | Found a shadowy altar of Dithmenos.
   783 | D:2      | Reached XP level 3. HP: 30/31 MP: 1/3
   815 | D:2      | Found a deep blue altar of Sif Muna.
  1385 | D:2      | Reached XP level 4. HP: 38/38 MP: 4/4
  2250 | D:3      | Reached XP level 5. HP: 41/45 MP: 5/5
  2294 | D:3      | Reached skill level 5 in Polearms
  2884 | D:3      | Reached XP level 6. HP: 39/51 MP: 4/6
  3256 | D:4      | Noticed Grinder
  3259 | D:4      | Paralysed by Grinder for 5 turns
  3272 | D:4      | Killed Grinder
  3272 | D:4      | Reached XP level 7. HP: 57/57 MP: 7/7
  3315 | D:4      | Noticed Purgy
  3330 | D:4      | Killed Purgy
  3572 | D:4      | Noticed Robin
  3605 | D:4      | Killed Robin
  3956 | D:4      | Found a burning altar of Makhleb.
  4006 | D:4      | Noticed Blork the orc
  4030 | D:4      | Killed Blork the orc
  4210 | D:4      | Got a bloodstained robe
  4211 | D:4      | Identified the +1 robe of Polish {rElec rN+++ MR+ Dex+3} (You found it on level 4 of the Dungeon)
  4646 | D:5      | Entered Level 5 of the Dungeon
  4687 | D:4      | Reached skill level 1 in Dodging
  4687 | D:4      | Reached XP level 8. HP: 46/63 MP: 8/8
  5239 | D:5      | Found a staircase to the Ecumenical Temple.
  5250 | Temple   | Entered the Ecumenical Temple
  6373 | D:6      | Upgraded the game from 0.20-b1-2-gc5a9893 to 0.20-b1-18-gaa2fd62
  6485 | D:6      | Reached skill level 5 in Fighting
  6495 | D:6      | Reached XP level 9. HP: 18/74 MP: 2/9
  7831 | D:7      | Noticed Joseph
  7842 | D:7      | Killed Joseph
  8049 | D:7      | Got a twitching amethyst amulet
  8067 | D:7      | Identified the amulet of Asyatamo {Faith +Inv rF+ Dex-2 Stlth+} (You took it off an orc wizard on level 7 of the Dungeon)
  8537 | D:8      | Found an opulent altar of Gozag.
  8537 | D:8      | Found a sparkling altar of Nemelex Xobeh.
  8829 | D:8      | You fall through a shaft for 3 floors!
  8945 | D:10     | Entered Level 10 of the Dungeon
  9120 | D:10     | Reached skill level 10 in Polearms
  9156 | D:10     | Found a staircase to the Lair.
  9162 | D:10     | Reached XP level 10. HP: 72/86 MP: 7/10
  9397 | D:8      | You fall through a shaft for 2 floors!
  9784 | D:9      | Found a runed door.
  9839 | D:9      | Found an iron altar of Okawaru.
  9839 | D:9      | Found a white marble altar of Elyvilon.
  9851 | D:9      | Became a worshipper of Warmaster Okawaru
 10119 | D:9      | Reached skill level 5 in Dodging
 10197 | D:9      | Found Yjemem's Weapon Shop.
 10200 | D:9      | Bought a +0 spear of venom for 95 gold pieces
 10586 | D:9      | Found a roughly hewn altar of Beogh.
 10694 | D:10     | Found an opulent altar of Gozag.
 10696 | D:10     | Found an opulent altar of Gozag.
 10709 | D:10     | Reached * piety under Okawaru
 11580 | Lair:1   | Entered Level 1 of the Lair of Beasts
 11580 | Lair:1   | Noticed a spiny frog
 11590 | D:10     | Reached skill level 1 in Bows
 11592 | Lair:1   | Noticed a six-headed hydra
 11621 | D:10     | Reached ** piety under Okawaru
 12083 | D:10     | Killed a spiny frog
 12143 | D:10     | Killed a 14-headed hydra
 12143 | D:10     | Reached *** piety under Okawaru
 12143 | D:10     | Reached XP level 11. HP: 83/94 MP: 11/11
 12836 | Lair:1   | Reached **** piety under Okawaru
 13647 | Lair:2   | Noticed an eight-headed hydra
 13755 | Lair:2   | Killed a 19-headed hydra
 13755 | Lair:2   | Reached skill level 5 in Bows
 13755 | Lair:2   | Reached skill level 1 in Invocations
 14087 | Lair:2   | Reached ***** piety under Okawaru
 14391 | Lair:1   | Reached skill level 1 in Evocations
 14589 | Lair:2   | Got a translucent iron ring
 14590 | Lair:2   | Identified the ring "Fecubal" {Fire *Drain MR+ Int+5} (You found it on level 2 of the Lair of Beasts)
 14679 | Lair:3   | Noticed Urug
 14729 | Lair:3   | Killed Urug
 14729 | Lair:3   | Received a gift from Okawaru
 14985 | Lair:3   | Reached XP level 12. HP: 85/105 MP: 14/14
 15270 | Lair:3   | Received a gift from Okawaru
 15370 | Lair:3   | Found a hole to the Spider Nest.
 15597 | Lair:3   | Found a staircase to the Swamp.
 15914 | Lair:3   | Upgraded the game from 0.20-b1-18-gaa2fd62 to 0.20.0-1-g1cb1d84
 16206 | Lair:3   | Noticed an eight-headed hydra
 16229 | Lair:3   | Killed an eight-headed hydra
 16232 | Lair:3   | Reached skill level 10 in Fighting
 16673 | Lair:4   | Got an encrusted ring mail
 16674 | Lair:4   | Identified the +1 ring mail "Wyviadgh" {MP+9 Dex+2} (You found it on level 4 of the Lair of Beasts)
 16941 | Lair:4   | Reached skill level 5 in Invocations
 17602 | Lair:5   | Noticed a death yak
 17602 | Lair:5   | Noticed a death yak
 17641 | Lair:5   | Noticed an eight-headed hydra
 17654 | Lair:4   | Killed a death yak
 17705 | Lair:5   | Found a runed door.
 17705 | Lair:5   | Found a viscous altar of Jiyva.
 17706 | Lair:5   | Noticed an azure jelly
 17708 | Lair:5   | Found a staircase to the Slime Pits.
 17721 | Lair:5   | Noticed a death yak
 17723 | Lair:5   | Noticed a death yak
 17723 | Lair:5   | Noticed a death yak
 17779 | Lair:4   | Killed a death yak
 17779 | Lair:4   | Received a gift from Okawaru
 17779 | Lair:4   | Reached ****** piety under Okawaru
 17844 | Lair:5   | Noticed a death yak
 17845 | Lair:5   | Noticed a death yak
 17851 | Lair:5   | Noticed a death yak
 17873 | Lair:4   | Killed a death yak
 17873 | Lair:4   | Received a gift from Okawaru
 17880 | Lair:5   | Noticed a death yak
 17880 | Lair:5   | Noticed a death yak
 17909 | Lair:4   | Killed an eight-headed hydra
 17921 | Lair:5   | Noticed a death yak
 17975 | Lair:4   | Killed a death yak
 17975 | Lair:4   | Reached XP level 13. HP: 114/114 MP: 17/17
 18281 | Lair:5   | Received a gift from Okawaru
 18388 | Lair:5   | Received a gift from Okawaru
 18388 | Lair:5   | Reached skill level 5 in Evocations
 19318 | Lair:6   | Entered Level 6 of the Lair of Beasts
 20129 | Lair:6   | Received a gift from Okawaru
 20130 | Lair:6   | Got a twisted halberd {god gift}
 20137 | Lair:5   | Identified the +11 halberd of Discord {pain, Dex+3} (Okawaru gifted it to you on level 6 of the Lair of Beasts)
 20386 | Lair:5   | Reached skill level 5 in Armour
 20530 | Lair:6   | Upgraded the game from 0.20.0-1-g1cb1d84 to 0.20.0-4-g10b340a
 21498 | Lair:6   | Reached XP level 14. HP: 124/124 MP: 20/20
 21639 | Lair:6   | Received a gift from Okawaru
 22781 | D:11     | Received a gift from Okawaru
 23030 | D:11     | Found Dorufios's Book Shoppe.
 23578 | D:12     | Found a glowing golden altar of the Shining One.
 23781 | D:12     | Received a gift from Okawaru
 23782 | D:12     | Found a staircase to the Orcish Mines.
 24120 | D:12     | Found a roughly hewn altar of Beogh.
 24159 | Orc:1    | Entered Level 1 of the Orcish Mines
 24159 | Orc:1    | Found Taynuiq's Magic Scroll Shoppe.
 24230 | Orc:1    | Found Tudomuuq's Weapon Emporium.
 24292 | Orc:1    | Found a radiant altar of Vehumet.
 24293 | Orc:1    | Bought a scroll of identify for 28 gold pieces
 24410 | Orc:1    | Found Zuschar's Distillery.
 24424 | Orc:1    | Found Yqinifiw's Antique Armour Shop.
 24424 | Orc:1    | Found Luylacs's Jewellery Boutique.
 24670 | Orc:1    | Found a runed door.
 24681 | Orc:1    | Found a runed door.
 24946 | Orc:2    | Entered Level 2 of the Orcish Mines
 24955 | Orc:2    | Found a staircase to the Elven Halls.
 24961 | Orc:2    | Found a dark tunnel.
 24966 | Volcano  | Entered a volcano
 25216 | Volcano  | Found a burning altar of Makhleb.
 25663 | Orc:2    | Gained mutation: You occasionally shout uncontrollably at your foes. [mutagenic glow]
 25692 | Orc:2    | Reached skill level 1 in Crossbows
 25859 | Orc:2    | Found a roughly hewn altar of Beogh.
 25859 | Orc:2    | Found Jair's Book Emporium.
 26042 | Orc:2    | Received a gift from Okawaru
 26898 | Orc:2    | Received a gift from Okawaru
 26902 | Orc:2    | Reached XP level 15. HP: 125/134 MP: 10/21
 26903 | Orc:2    | Found Caut's Jewellery Shop.
 26903 | Orc:2    | Found Vext's Book Shoppe.
 26909 | Orc:2    | Found Amehuut's Gadget Shop.
 26909 | Orc:2    | Found Jontyk's Assorted Antiques.
 26972 | Orc:2    | Bought a manual of Polearms for 1214 gold pieces
 26977 | Orc:2    | Bought an uncursed ring of protection from cold for 400 gold pieces
 27112 | D:13     | Received a gift from Okawaru
 27226 | D:13     | Found a gate to the Vaults.
 27273 | D:13     | Received a gift from Okawaru
 27274 | D:13     | Got a pair of faintly humming gloves {god gift}
 27276 | D:13     | Identified the +0 pair of gloves "Deen Cid" {+Inv rF+ Str-3 Slay+3} (Okawaru gifted it to you on level 13 of the Dungeon)
 27378 | D:13     | Reached skill level 15 in Polearms
 28446 | D:14     | Noticed Louise
 28606 | Spider:1 | Entered Level 1 of the Spider Nest
 28753 | Spider:1 | Noticed Nikola
 28762 | Spider:1 | Killed Nikola
 28762 | Spider:1 | Reached skill level 5 in Crossbows
 29150 | Orc:2    | Bought a cursed ring of protection from magic for 352 gold pieces
 30552 | D:14     | Received a gift from Okawaru
 30574 | D:14     | Killed Louise
 30998 | Lair:2   | Identified a scroll of acquirement
 31064 | Swamp:1  | Entered Level 1 of the Swamp
 31554 | Swamp:1  | Noticed Frances
 31615 | Swamp:1  | Killed Frances
 32299 | Swamp:2  | Reached XP level 16. HP: 141/145 MP: 20/22
 33196 | Swamp:3  | Received a gift from Okawaru
 33197 | Swamp:3  | Noticed Bai Suzhen
 33457 | Spider:1 | Noticed case's ghost (adept DDNe)
 33501 | Spider:1 | Killed case's ghost
 34039 | Spider:1 | Received a gift from Okawaru
 35167 | Spider:2 | Noticed Jorgrun
 35182 | Spider:2 | Killed Jorgrun
 35346 | Spider:2 | Noticed Arachne
 35361 | Spider:2 | Killed Arachne
 37052 | Spider:3 | Received a gift from Okawaru
 37701 | Spider:3 | Noticed Asterion
 37717 | Spider:2 | Reached XP level 17. HP: 148/154 MP: 23/23
 37909 | Elf:1    | Entered Level 1 of the Elven Halls
 38004 | Elf:1    | Found a radiant altar of Vehumet.
 38011 | Elf:1    | Received a gift from Okawaru
 38060 | Elf:1    | Received a gift from Okawaru
 38084 | Elf:1    | Found a frozen archway.
 38148 | IceCv    | Entered an ice cave
 38175 | IceCv    | Reached skill level 10 in Crossbows
 38536 | IceCv    | Got a pitted copper ring
 38930 | IceCv    | Reached skill level 15 in Fighting
 38952 | IceCv    | Received a gift from Okawaru
 39138 | IceCv    | Reached skill level 10 in Armour
 39295 | IceCv    | Got a faintly glowing hat
 39303 | IceCv    | Identified the Volume of Doomed Ice
 39396 | Elf:1    | Identified the +2 hat of Muihaam {rC- Int+3 Dex+6} (You found it in an ice cave)
 39397 | Elf:1    | Identified the ring "Kualiy" {rF+ SInv} (You acquired it in an ice cave)
 39477 | Elf:1    | Received a gift from Okawaru
 39533 | Elf:1    | Noticed Azrael
 39606 | Elf:1    | Killed Azrael
 39715 | Elf:1    | Received a gift from Okawaru
 39985 | Elf:1    | Identified the Almanac of Calling
 40085 | Elf:1    | Found Kihun's Antique Armour Shop.
 41073 | Elf:2    | Found a gateway to a bazaar.
 41414 | Elf:1    | Upgraded the game from 0.20.0-4-g10b340a to 0.20.0-7-g3b7b877
 41718 | Elf:2    | Found a runed gate.
 41723 | Elf:2    | Found a runed gate.
 41723 | Elf:2    | Found a runed gate.
 41875 | Elf:2    | Received a gift from Okawaru
 41898 | Elf:2    | Noticed a deep elf blademaster
 41921 | Elf:2    | Killed a deep elf blademaster
 42073 | Elf:2    | Received a gift from Okawaru
 42221 | Elf:2    | Received a gift from Okawaru
 42435 | Elf:2    | Received a gift from Okawaru
 42450 | Elf:2    | Reached XP level 18. HP: 139/166 MP: 16/24
 43001 | Elf:3    | Entered Level 3 of the Elven Halls
 43052 | Elf:2    | Received a gift from Okawaru
 43535 | Elf:3    | Received a gift from Okawaru
 44032 | Elf:3    | Received a gift from Okawaru
 45117 | Elf:3    | Received a gift from Okawaru
 45670 | Elf:2    | Received a gift from Okawaru
 45678 | Elf:3    | Received a gift from Okawaru
 46038 | Elf:3    | Received a gift from Okawaru
 46212 | Elf:3    | Received a gift from Okawaru
 46336 | Elf:3    | Received a gift from Okawaru
 47188 | Elf:3    | Received a gift from Okawaru
 47332 | Elf:3    | Identified the Tome of Attacks
 47378 | Elf:3    | Identified Zizihou's Guide on Unstable Summoning
 47893 | Swamp:3  | Killed Bai Suzhen
 47893 | Swamp:3  | Received a gift from Okawaru
 48121 | Swamp:3  | Got a faintly glowing platinum amulet
 48122 | Swamp:3  | Identified the amulet of Descent {RegenMP Dex+2} (You acquired it on level 3 of the Swamp)
 48184 | Swamp:3  | Reached XP level 19. HP: 172/172 MP: 25/25
 48186 | Swamp:3  | Noticed Kirke
 48194 | Swamp:3  | Killed Kirke
 48644 | Swamp:4  | Entered Level 4 of the Swamp
 48693 | Swamp:4  | Received a gift from Okawaru
 48695 | Swamp:4  | Noticed Mara
 48763 | Swamp:4  | Noticed seyes's illusion
 49022 | Swamp:4  | Noticed seyes's illusion
 49195 | Swamp:4  | Killed Mara
 49195 | Swamp:4  | Received a gift from Okawaru
 49752 | Swamp:4  | Got a decaying rune of Zot
 50183 | Spider:3 | Killed Asterion
 50293 | Spider:3 | Noticed Agnes
 50308 | Spider:3 | Killed Agnes
 50368 | Spider:3 | Received a gift from Okawaru
 50591 | Spider:3 | Noticed Donald
 50602 | Spider:3 | Killed Donald
 50869 | Spider:3 | Reached skill level 15 in Crossbows
 51126 | Spider:4 | Entered Level 4 of the Spider Nest
 51890 | Spider:4 | Received a gift from Okawaru
 52278 | Spider:4 | Received a gift from Okawaru
 52347 | Spider:4 | Reached XP level 20. HP: 180/180 MP: 6/26
 52411 | Spider:4 | Received a gift from Okawaru
 52519 | Spider:4 | Got a gossamer rune of Zot
 53135 | D:15     | Entered Level 15 of the Dungeon
 53145 | D:15     | Noticed Sonja
 53147 | D:15     | Killed Sonja
 53193 | D:15     | Found a white marble altar of Elyvilon.
 53429 | D:15     | Received a gift from Okawaru
 53438 | D:15     | Found a staircase to the Depths.
 54341 | Bazaar   | Entered a bazaar
 54342 | Bazaar   | Found Dofafad's Armour Boutique.
 54342 | Bazaar   | Found Ror Zuo's Food Boutique.
 54346 | Bazaar   | Found Gudwetta's General Store.
 54347 | Bazaar   | Found Zeulauph's Distillery.
 54350 | Bazaar   | Found Fobaqyub's Food Boutique.
 54365 | Bazaar   | Found Ezidwy's Gadget Shoppe.
 54432 | Bazaar   | Bought 2 fruits for 30 gold pieces
 54436 | Bazaar   | Bought 4 fruits for 42 gold pieces
 54440 | Bazaar   | Bought 4 fruits for 54 gold pieces
 54484 | Bazaar   | Bought a potion of cancellation for 104 gold pieces
 54484 | Bazaar   | Bought a potion of curing for 39 gold pieces
 54484 | Bazaar   | Bought a potion of curing for 39 gold pieces
 54484 | Bazaar   | Bought 2 potions of curing for 78 gold pieces
 54484 | Bazaar   | Bought a potion of haste for 130 gold pieces
 54625 | D:13     | Received a gift from Okawaru
 54697 | Vaults:1 | Entered Level 1 of the Vaults
 56566 | Vaults:1 | Reached skill level 15 in Armour
 56790 | Vaults:2 | Got a smoking lead amulet
 56791 | Vaults:2 | Identified the amulet "Sissoofo" {Faith rPois rF+} (You acquired it on level 2 of the Vaults)
 57072 | Vaults:2 | Received a gift from Okawaru
 57495 | Vaults:2 | Reached XP level 21. HP: 164/189 MP: 27/27
 58198 | Vaults:2 | Received a gift from Okawaru
 59121 | Vaults:3 | Found a staircase to the Crypt.
 59317 | Vaults:3 | You are sucked into a shaft!
 59362 | Vaults:4 | Noticed Saint Roka
 59387 | Vaults:4 | Killed Saint Roka
 59521 | Vaults:4 | Received a gift from Okawaru
 59704 | Vaults:4 | Received a gift from Okawaru
 59970 | Vaults:4 | Noticed Margery
 59985 | Vaults:4 | Killed Margery
 60110 | Vaults:4 | Noticed Xtahua
 60136 | Vaults:4 | Received a gift from Okawaru
 60136 | Vaults:4 | Reached XP level 22. HP: 153/202 MP: 21/28
 60143 | Vaults:4 | Killed Xtahua
 60173 | Vaults:4 | Got a faintly glowing scarf {god gift}
 60174 | Vaults:4 | Identified the scarf of Kaicko {Str+4} (Okawaru gifted it to you on level 4 of the Vaults)
 60691 | Vaults:3 | Found Paothyja's Book Emporium.
 61597 | Vaults:4 | Noticed Boris
 61607 | Vaults:4 | Killed Boris
 61959 | Vaults:4 | Received a gift from Okawaru
 62563 | Vaults:5 | Entered Level 5 of the Vaults
 62733 | Vaults:5 | Noticed an ancient lich
 62758 | Vaults:5 | Killed an ancient lich
 62934 | Vaults:5 | Reached XP level 23. HP: 73/215 MP: 25/29
 62972 | Vaults:5 | Received a gift from Okawaru
 62994 | Vaults:5 | Noticed an ancient lich
 63016 | Vaults:5 | Killed an ancient lich
 63402 | Vaults:5 | Noticed Frederick
 63416 | Vaults:5 | Killed Frederick
 63660 | Vaults:5 | Upgraded the game from 0.20.0-7-g3b7b877 to 0.20.0-8-g6b59dc7
 63852 | Vaults:5 | Reached skill level 10 in Invocations
 64190 | Vaults:5 | Received a gift from Okawaru
 65364 | Vaults:5 | Got a silver rune of Zot
 65424 | Vaults:5 | Identified Sif Muna's Incunabulum of the Blaze and Execration
 65848 | Depths:1 | Entered Level 1 of the Depths
 66017 | Depths:1 | Reached XP level 24. HP: 168/224 MP: 32/32
 66223 | Depths:1 | Found a gateway to Hell.
 66416 | Depths:1 | Received a gift from Okawaru
 66649 | Depths:1 | Found a one-way gate leading to the halls of Pandemonium.
 67169 | Depths:2 | Received a gift from Okawaru
 67516 | Slime:1  | Entered Level 1 of the Pits of Slime
 67746 | Slime:1  | Gained mutation: Your muscles are strong. (Str +2) [a shining eye]
 68261 | Slime:2  | Paralysed by a floating eye for 4 turns
 68277 | Slime:1  | Received a gift from Okawaru
 69012 | Slime:4  | Paralysed by a floating eye for 3 turns
 69146 | Slime:3  | Gained mutation: Scrolls take you a little longer to read. [a shining eye]
 69242 | Slime:3  | You fall through a shaft!
 69299 | Slime:5  | Entered Level 5 of the Pits of Slime
 69494 | Slime:5  | Noticed the Royal Jelly
 69505 | Slime:5  | Killed the Royal Jelly
 69505 | Slime:5  | Reached skill level 15 in Invocations
 69802 | Slime:5  | Got a steaming cloak
 69805 | Slime:5  | Identified the cursed -2 cloak of Devotion {rElec rC+} (You found it on level 5 of the Pits of Slime)
 69827 | Slime:5  | Identified the Incunabulum of Ignition and Stolen Souls
 69883 | Slime:5  | Identified the Catalogue of the Feathery Snowflakes
 69970 | Slime:5  | Got a slimy rune of Zot
 70000 | Slime:5  | Got an encrusted plate armour
 70003 | Slime:5  | Identified the +1 plate armour "Fuuff" {rElec rPois rF-} (You found it on level 5 of the Pits of Slime)
 70643 | D:12     | Fell from the grace of Okawaru
 70643 | D:12     | Became a worshipper of the Shining One
 70806 | Crypt:1  | Entered Level 1 of the Crypt
 70879 | Crypt:1  | Reached * piety under the Shining One
 70986 | Crypt:1  | Reached ** piety under the Shining One
 71140 | Crypt:1  | Reached *** piety under the Shining One
 71290 | Crypt:1  | Reached XP level 25. HP: 205/231 MP: 34/34
 71798 | Crypt:2  | Reached **** piety under the Shining One
 72008 | Crypt:2  | Reached ***** piety under the Shining One
 72553 | Crypt:2  | Got a smoking copper ring
 72557 | Crypt:2  | Identified the ring of Ogrost {*Corrode Str+2 Dex+7 SInv} (You found it on level 2 of the Crypt)
 72763 | Crypt:3  | Entered Level 3 of the Crypt
 72928 | Crypt:3  | Reached ****** piety under the Shining One
 73629 | Lair:2   | Identified a +3 bardiche of holy wrath (a +1 bardiche of chopping blessed by the Shining One)
 73629 | Lair:2   | Received a gift from the Shining One
 74277 | Crypt:3  | Found a staircase to the Tomb.
 74396 | Crypt:3  | Found an ancient bone altar of Kikubaaqudgha.
 74602 | Crypt:3  | Noticed an ancient lich
 74602 | Crypt:3  | Noticed an ancient lich
 74615 | Crypt:3  | Killed an ancient lich
 74619 | Crypt:3  | Killed an ancient lich
 74632 | Crypt:3  | Identified Vaum's Grimoire of Toxins and Boosts
 74684 | Crypt:3  | Got a clouded graven amulet
 74684 | Crypt:3  | Got a faintly glowing glass ring
 74688 | Crypt:3  | Identified the amulet "Udgha" {Regen+ Int+3} (You found it on level 3 of the Crypt)
 74693 | Crypt:3  | Identified the ring "Jolatehui" {rN+ MP+9} (You found it on level 3 of the Crypt)
 75544 | Depths:2 | Found Gozag's Assorted Antiques.
 75584 | Depths:2 | Found an opulent altar of Gozag.
 75584 | Depths:2 | Found Gozag's Assorted Antiques.
 75588 | Depths:2 | Found Gozag's Antique Weapon Emporium.
 75755 | Depths:2 | Bought 2 potions of mutation for 1600 gold pieces
 75755 | Depths:2 | Bought a potion of mutation for 800 gold pieces
 76815 | Depths:3 | Reached XP level 26. HP: 225/235 MP: 35/35
 77077 | Depths:3 | Noticed a juggernaut
 77697 | Depths:3 | Killed a juggernaut
 77716 | Depths:3 | Found a one-way gate to the infinite horrors of the Abyss.
 78697 | Depths:3 | Found a gateway to a ziggurat.
 79037 | Depths:4 | Found Muagien's Jewellery Emporium.
 79774 | Depths:4 | Was forgiven by Okawaru
 80244 | Depths:4 | Found Ohaig's Jewellery Shop.
 80245 | Depths:4 | Found Nopeotee's Gadget Shoppe.
 80246 | Depths:4 | Found Kusosch's Jewellery Shop.
 80379 | Depths:4 | Noticed a juggernaut
 80397 | Depths:4 | Killed a juggernaut
 80464 | Depths:4 | Identified the Handbook of Weirdness
 80836 | Depths:5 | Entered Level 5 of the Depths
 80836 | Depths:5 | Noticed a juggernaut
 80847 | Depths:5 | Killed a juggernaut
 81262 | Depths:5 | Reached XP level 27. HP: 145/246 MP: 36/36
 81271 | Depths:5 | Noticed Boris
 81278 | Depths:5 | Blown up by Boris

Skill      XL: |  1  2  3  4  5  6  7  8  9 10 11 12 13 14 15 16 17 18 19 20 21 22 23 24 25 26 |
---------------+-------------------------------------------------------------------------------+-----
Polearms       | 2 3 4 5 7 8 10 11 12 13 14 16 17 18 19 20 21 | 21.4
Dodging        | 1 2 4 5 6 8 |  8.4
Shields        | 3 |  3.4
Fighting       | 5 7 8 9 10 11 12 13 14 15 16 18 19 20 | 20.0
Bows           | 2 5 6 |  6.0
Invocations    | 3 6 8 12 15 17 19 | 19.0
Evocations     | 1 4 6 8 |  8.0
Armour         | 3 5 6 8 9 10 12 14 15 16 17 18 19 20 | 20.0
Crossbows      | 3 7 9 11 13 15 17 18 19 21 | 21.1

Action                   |  1- 3 |  4- 6 |  7- 9 | 10-12 | 13-15 | 16-18 | 19-21 | 22-24 | 25-27 || total
-------------------------+-------+-------+-------+-------+-------+-------+-------+-------+-------++-------
Melee: Trident           |   135 |   234 |   299 |       |       |       |       |       |       ||   668
       Kick              |    12 |    40 |   108 |   114 |   307 |   294 |   379 |   449 |   536 ||  2239
       Halberd           |       |       |   248 |   424 |  1017 |  1180 |    30 |     4 |       ||  2903
       Demon trident     |       |       |       |   236 |   308 |       |       |       |       ||   544
       Maul              |       |       |       |     8 |       |       |       |       |       ||     8
       Spear             |       |       |       |    14 |    40 |       |       |       |       ||    54
       Glaive            |       |       |       |       |    46 |    80 |  1374 |  1250 |  1122 ||  3872
       Bardiche          |       |       |       |       |       |       |       |       |   178 ||   178
 Fire: Hunting sling     |       |       |     6 |       |       |       |       |       |       ||     6
       Shortbow          |       |       |       |    27 |   105 |   344 |       |       |       ||   476
       Arbalest          |       |       |       |       |     1 |   129 |   541 |   676 |   361 ||  1708
       Heavy crossbow    |       |       |       |       |       |       |       |    11 |    33 ||    44
Throw: Tomahawk          |       |       |    13 |    10 |       |       |       |       |       ||    23
       Stone             |       |       |       |    12 |    59 |    22 |     7 |     4 |     2 ||   106
Invok: Heroism           |       |       |       |     4 |    51 |    61 |    33 |    33 |       ||   182
       Finesse           |       |       |       |     1 |    15 |    19 |     2 |    13 |       ||    50
       Cleansing Flame   |       |       |       |       |       |       |       |       |     2 ||     2
       Divine Shield     |       |       |       |       |       |       |       |       |     4 ||     4
       Brand Weapon With |       |       |       |       |       |       |       |       |     1 ||     1
 Abil: Evoke Invisibilit |       |       |       |       |    11 |     7 |       |       |       ||    18
       Stop Flying       |       |       |       |       |       |     1 |       |     1 |       ||     2
       Evoke Flight      |       |       |       |       |       |     1 |       |       |       ||     1
       Evoke Berserk Rag |       |       |       |       |       |       |     5 |     1 |     9 ||    15
Evoke: Lightning rod     |       |       |       |     4 |     1 |       |       |       |       ||     5
       Wand              |       |       |       |       |     2 |     1 |     1 |     4 |     2 ||    10
  Use: Scroll            |     3 |     1 |     7 |    15 |    22 |    12 |     4 |     7 |    13 ||    84
       Potion            |       |     2 |     4 |       |       |     8 |     3 |    12 |     3 ||    32
 Stab: Sleeping          |       |       |     2 |     1 |    15 |     4 |       |       |       ||    22
       Distracted        |       |       |       |     1 |     6 |     4 |       |       |       ||    11
       Invisible         |       |       |       |       |    19 |    35 |       |       |       ||    54
  Eat: Chunk             |     1 |     6 |    15 |    19 |    26 |    28 |    27 |    11 |    18 ||   151
       Royal jelly       |       |       |       |     2 |     9 |     3 |     3 |     6 |     3 ||    26
       Fruit             |       |       |       |       |       |    14 |     3 |     9 |    14 ||    40
Armor: Scale mail        |    46 |    67 |     1 |       |       |       |       |       |       ||   114
       Skin              |       |    17 |    13 |       |       |       |       |       |       ||    30
       Troll leather arm |       |       |    12 |    10 |    17 |    32 |       |       |       ||    71
       Robe              |       |       |    70 |   117 |   240 |   347 |    10 |       |       ||   784
       Plate armour      |       |       |       |       |     1 |       |       |       |       ||     1
       Gold dragon scale |       |       |       |       |       |    37 |  1036 |   848 |   986 ||  2907
Dodge: Dodged            |    26 |    31 |   122 |   230 |   424 |   405 |   182 |   242 |   276 ||  1938
Block: Shield            |    42 |    78 |   108 |    28 |    66 |       |       |       |       ||   322
       Other             |       |       |       |       |       |       |       |       |    53 ||    53
